 Dungeon Crawl Stone Soup version 0.25-a0-571-gb5e01bddfa (webtiles) character file.

Game seed: 6120006570672057937, levelgen mode: deterministic

6054 Kohma the Grappler (level 10, -2/100 HPs)
             Began as a Troll Hunter on Feb 29, 2020.
             Was a Priest of Elyvilon.
             Slain by a yak (15 damage)
             ... on level 8 of the Dungeon.
             The game lasted 00:19:42 (7564 turns).

Kohma the Grappler (Troll Hunter)                   Turns: 7564, Time: 00:19:43

Health: -2/100     AC:  7    Str: 22    XL:     10   Next: 57%
Magic:  12/12      EV: 12    Int:  7    God:    Elyvilon [***...]
Gold:   402        SH:  0    Dex: 13    Spells: 9/9 levels left

rFire    . . .     SeeInvis .     - Unarmed
rCold    . . .     Gourm    +   (no shield)
rNeg     . . .     Faith    .   b - +1 robe
rPois    +         Spirit   .   (helmet restricted)
rElec    .         Reflect  .   (no cloak)
rCorr    +         Harm     .   (gloves unavailable)
MR       .....                  (boots unavailable)
Stlth    +.........             (no amulet)
HPRegen  0.66/turn              w - ring of poison resistance
MPRegen  0.13/turn              r - ring of resist corrosion

@: drained
A: large, unfitting armour, claws 3, fast metabolism 3, gourmand, regeneration
1, shaggy fur 1, tough skin 3
a: Lesser Healing, Heal Other, Purification, Divine Protection, Renounce
Religion


You were on level 8 of the Dungeon.
You worshipped Elyvilon.
Elyvilon was most pleased with you.
You were near starving.

You visited 3 branches of the dungeon, and saw 11 of its levels.

You collected 402 gold pieces.

Inventory:

Hand Weapons
 v - a +0 giant spiked club
Missiles
 c - 12 large rocks (quivered)
 d - 2 throwing nets
 q - 15 poisoned darts
Armour
 b - a +1 robe (worn)
Jewellery
 a - an uncursed ring of positive energy
 n - an uncursed ring of wizardry
 r - a ring of resist corrosion (right claw)
 w - a ring of poison resistance (left claw)
 C - an uncursed ring of fire
Wands
 y - a wand of iceblast (6)
 B - a wand of flame (12)
Scrolls
 g - a scroll of magic mapping
 i - a scroll of amnesia
 l - 3 scrolls of enchant weapon
 o - a scroll of identify
 p - 7 scrolls of remove curse
 u - 2 scrolls of immolation
 z - a scroll of enchant armour
 A - a scroll of vulnerability
Potions
 e - 7 potions of curing
 h - a potion of mutation
 k - a potion of cancellation
 m - 3 potions of haste
 s - 2 potions of brilliance
 t - 2 potions of might
 x - a potion of flight
Comestibles
 f - 25 rations
 j - 3 chunks of flesh


   Skills:
 + Level 6.6(5.8) Fighting
 - Level 4.0(3.2) Throwing
 + Level 6.6(5.8) Dodging
 - Level 0.3(0.0) Stealth
 - Level 10.0(9.1) Unarmed Combat
 - Level 5.0(4.3) Invocations


You had 9 spell levels left.
You didn't know any spells.
Your spell library contained the following spells:

 Spells                   Type           Power        Failure   Level  Hunger
 Animate Skeleton         Necr           N/A          43%         1    ##.....
 Pain                     Necr           #...         43%         1    ##.....
 Vampiric Draining        Necr           #.........   80%         3    ####...
 Animate Dead             Necr           N/A          99%         4    #####..
 Agony                    Necr           #.......     100%        5    ######.


Dungeon Overview and Level Annotations

Branches:
Dungeon (9/15)             Temple (1/1) D:5            Lair (1/6) D:8
    Orc: D:9-12

Altars:
Ashenzari
Cheibriados
Dithmenos
Elyvilon
Fedhas
Gozag
Hepliaklqana
Kikubaaqudgha
Makhleb
Nemelex Xobeh
Okawaru
Qazlal
Ru
Sif Muna
Trog
Uskayaw
Vehumet
Wu Jian
Xom
Yredelemnul
Zin
The Shining One

Shops:
D:6 :


Innate Abilities, Weirdness & Mutations

You are too large for most types of armour.
You have claws for hands.
Your metabolism is lightning-fast.
You like to eat raw meat.
Your natural rate of healing is unusually fast.
You are covered in fur. (AC +1)
You have extremely tough skin. (AC +3)


Message History

You scratch the yak.
The yak is severely wounded.
The yak gores you.
* * * LOW HITPOINT WARNING * * *
The yak gores you but does no damage.
You scratch the yak.
The yak is severely wounded.
The yak barely misses you.
You scratch the yak.
The yak is almost dead.
The yak gores you!
* * * LOW HITPOINT WARNING * * *
The yak gores you.
* * * LOW HITPOINT WARNING * * *
You claw the yak!
You kill the yak!
The yak misses you.
You scratch the yak but do no damage. The yak gores you but does no damage.
The yak gores you!
You die...

...................##_##..#(.....
.....)()..........##...##........
.....)...........####'####.).....
...............###.#...#.##......
#...##(........##_.'.⌠.'.........
#...##.........###.#...#.##......
#...##(........#.####'####.......
#...###...(....Y..##...##........
#...####.#.....#@#.##_##.........
#........#.###.#Y#.####..........
#..........# #.#.#.###...........
##......)..###...#........#......
..........###..............####..
..........# #.#....###...........
..........###.#.>...........#.#..
.###....................(...###..
.# #.............................


You could see 2 yaks.

Vanquished Creatures
  A spiny frog (Lair:1)
  A komodo dragon (Lair:1)
  A queen bee (D:7)
  2 hippogriffs
  Sigmund (D:6)
  A basilisk (Lair:1)
  2 yaks (D:8)
  Eustachio (D:6)
  The ghost of Duffy the Magician, an amateur DEFE (D:4)
  2 water moccasins (Lair:1)
  2 orc warriors (D:6)
  An ice beast (D:7)
  2 phantoms
  2 sky beasts
  2 ogres
  A wolf (Lair:1)
  A centaur (D:8)
  2 big kobolds
  A crocodile (Lair:1)
  7 bullfrogs
  A gnoll sergeant (D:8)
  5 wights
  18 killer bees
  A howler monkey (D:4)
  A crimson imp (D:7)
  A quasit (D:8)
  4 centaur zombies
  5 hounds
  4 jellies
  2 orc priests
  3 iguanas
  5 orc wizards
  3 worker ants
  A hound skeleton (D:8)
  12 gnolls
  A howler monkey skeleton (D:6)
  15 adders
  2 shadow imps (D:6)
  An ooze (D:3)
  2 adder skeletons
  4 dart slugs
  2 worms
  2 leopard geckos
  20 orcs
  3 giant cockroaches
  7 goblins
  4 hobgoblins
  13 jackals
  15 kobolds
  6 quokkas
  8 bats
  6 frilled lizards
  A leopard gecko skeleton (D:6)
  12 rats
224 creatures vanquished.

Notes
Turn   | Place    | Note
-------+----------+-------------------------------------------
     0 | D:1      | Kohma the Troll Hunter began the quest for the Orb.
     0 | D:1      | Reached XP level 1. HP: 19/19 MP: 0/0
   183 | D:1      | Reached skill level 1 in Unarmed Combat
   251 | D:1      | Reached XP level 2. HP: 21/27 MP: 1/1
   910 | D:2      | Reached skill level 2 in Unarmed Combat
   910 | D:2      | Reached XP level 3. HP: 18/33 MP: 2/2
  1000 | D:2      | Found a basalt altar of Yredelemnul.
  1000 | D:2      | Found a blossoming altar of Fedhas.
  1043 | D:2      | Found a shadowy altar of Dithmenos.
  1078 | D:2      | Reached skill level 3 in Unarmed Combat
  1160 | D:2      | Reached XP level 4. HP: 37/41 MP: 3/3
  1550 | D:3      | Found a shattered altar of Ashenzari.
  1664 | D:3      | Found a stormy altar of Qazlal.
  1800 | D:3      | Reached skill level 4 in Unarmed Combat
  2097 | D:4      | Reached XP level 5. HP: 37/48 MP: 4/4
  2253 | D:4      | Reached skill level 5 in Unarmed Combat
  2405 | D:4      | Found a snail-covered altar of Cheibriados.
  2461 | D:4      | Found a runed translucent gate.
  2461 | D:4      | Found a runed translucent gate.
  2462 | D:4      | Noticed Duffy's ghost (amateur DEFE)
  2464 | D:4      | Found a runed translucent gate.
  2473 | D:4      | Killed Duffy's ghost
  2473 | D:4      | Reached skill level 6 in Unarmed Combat
  2473 | D:4      | Reached XP level 6. HP: 37/55 MP: 5/5
  2892 | D:5      | Entered Level 5 of the Dungeon
  2892 | D:5      | Found a staircase to the Ecumenical Temple.
  2904 | Temple   | Entered the Ecumenical Temple
  2922 | Temple   | Reached skill level 7 in Unarmed Combat
  3076 | Temple   | Became a worshipper of Elyvilon the Healer
  3091 | D:5      | Reached XP level 7. HP: 62/62 MP: 6/6
  3346 | D:5      | Found a bloodstained altar of Trog.
  3479 | D:5      | Reached * piety under Elyvilon
  3517 | D:5      | Reached skill level 8 in Unarmed Combat
  3693 | D:6      | Found Qufarph's Book Shoppe.
  3911 | D:6      | Reached skill level 9 in Unarmed Combat
  3911 | D:6      | Reached XP level 8. HP: 19/70 MP: 7/7
  4040 | D:6      | Found a hazy altar of Hepliaklqana.
  4127 | D:6      | Reached skill level 10 in Unarmed Combat
  4133 | D:6      | Noticed Sigmund
  4170 | D:6      | Killed Sigmund
  4170 | D:6      | Reached skill level 1 in Invocations
  4229 | D:6      | Noticed Eustachio
  4251 | D:6      | Killed Eustachio
  4725 | D:7      | Reached XP level 9. HP: 81/81 MP: 9/9
  4769 | D:7      | Reached ** piety under Elyvilon
  4781 | D:7      | Found a glowing silver altar of Zin.
  5506 | D:8      | Found a staircase to the Lair.
  5532 | Lair:1   | Entered Level 1 of the Lair of Beasts
  5533 | Lair:1   | Noticed a komodo dragon
  5543 | Lair:1   | Killed a komodo dragon
  5774 | Lair:1   | Noticed a spiny frog
  5788 | Lair:1   | Killed a spiny frog
  5917 | Lair:1   | Reached skill level 5 in Fighting
  5917 | Lair:1   | Reached skill level 5 in Dodging
  5917 | Lair:1   | Reached skill level 5 in Invocations
  5953 | Lair:1   | Reached XP level 10. HP: 27/96 MP: 12/12
  6209 | D:8      | Reached *** piety under Elyvilon
  6725 | D:8      | Found an iron altar of Okawaru.
  6840 | D:8      | Found an ancient bone altar of Kikubaaqudgha.
  6843 | D:8      | Found a hide-covered altar of Uskayaw.
  6846 | D:8      | Found a radiant altar of Vehumet.
  7564 | D:8      | Slain by a yak

Levels and vault maps discovered:
D:1:      dpeg_arrival_ratfight, layout_loops_ring, chequers_mini_garden,
          hangedman_glass_teeth
D:2:      layout_loops_ring, chequers_temple_overflow_statue_of_worship,
          overflow_temple_1_default, minmay_misc_feat_hallway,
          kennysheep_generic_room_11
D:3:      layout_rooms, nicolae_overflow_crystal_walls,
          nicolae_qazlal_general_emergency, first_ration,
          kennysheep_generic_room_3
D:4:      layout_rooms, kennysheep_little_box, ebering_ghost_rock_garden
D:5:      layout_rooms, bloody_trog, minmay_temple_entry_glass
D:6:      layout_basic, nicolae_overflow_hidden_temple, serial_shops,
          nicolae_shop_competitors_out_of_business, small_statue_intersection,
          uniq_sigmund, uniq_eustachio
D:7:      layout_basic, zin_statuary
D:8:      layout_basic, old_standard_altar, grunt_temple_overflow_diamond,
          lair_entry_dummy, david_nohive_1
D:9:      layout_long_grid, kennysheep_pointless_box
Temple:   nicolae_temple_figure_zero
Lair:1:   layout_big_grid, nicolae_lair_grove_arrangements

Skill      XL: |  1  2  3  4  5  6  7  8  9 10 |
---------------+-------------------------------+-----
Unarmed Combat | 1 2 3 4 6 7 9 10 | 10.0
Throwing       | 4 |  4.0
Fighting       | 3 5 6 |  6.6
Dodging        | 3 5 6 |  6.6
Invocations    | 2 5 |  5.0
Stealth        | |  0.3

Action                   |  1- 3 |  4- 6 |  7- 9 | 10-12 || total
-------------------------+-------+-------+-------+-------++-------
Melee: Unarmed           |   110 |   193 |   306 |   192 ||   801
       Short sword       |     1 |       |       |       ||     1
       Punch             |     1 |     2 |     7 |     6 ||    16
Throw: Large rock        |       |     1 |       |       ||     1
Invok: Lesser Healing    |       |       |     2 |       ||     2
Evoke: Wand              |       |       |       |     1 ||     1
  Use: Scroll            |       |     5 |    14 |     3 ||    22
       Potion            |       |     1 |     1 |     2 ||     4
 Stab: Sleeping          |       |       |     1 |       ||     1
  Eat: Chunk             |    14 |    20 |    26 |     5 ||    65
Armor: Robe              |    49 |    83 |   112 |    86 ||   330
Dodge: Dodged            |    69 |   114 |   171 |   239 ||   593

Table legend:
 A = Non-vault XP
 B = Vault XP
 C = Vault XP percentage of total XP
 D = Non-vault monster count
 E = Vault monster count
 F = Vault count percentage of total count
                 A         B        C        D         E       F
            +---------+---------+-------+---------+---------+-------
      Total |    6848 |    1801 |  20.8 |     199 |      25 |  11.2
            +---------+---------+-------+---------+---------+-------
        D:1 |      30 |       5 |  14.3 |      17 |       5 |  22.7
        D:2 |      76 |       4 |   5.0 |      17 |       1 |   5.6
        D:3 |      65 |       0 |   0.0 |      20 |       0 |   0.0
        D:4 |     284 |     148 |  34.3 |      26 |       1 |   3.7
        D:5 |     438 |       0 |   0.0 |      20 |       0 |   0.0
        D:6 |    1251 |     408 |  24.6 |      36 |       2 |   5.3
        D:7 |     971 |     368 |  27.5 |      15 |       2 |  11.8
        D:8 |    1758 |     868 |  33.1 |      33 |      14 |  29.8
        D:9 |     119 |       0 |   0.0 |       3 |       0 |   0.0
     Temple |      73 |       0 |   0.0 |       3 |       0 |   0.0
     Lair:1 |    1783 |       0 |   0.0 |       9 |       0 |   0.0
            +---------+---------+-------+---------+---------+-------
